 Dungeon Crawl Stone Soup version 0.25-a0-1119-g28b6fd0c3b (webtiles) character file.

Game seed: 835183824774778901, levelgen mode: deterministic

108966 MisterFreud the Thaumaturge (level 16, -3/124 HPs)
             Began as a Gnoll Venom Mage on May 17, 2020.
             Was the Champion of Ashenzari.
             Killed from afar by Aizul (45 damage)
             ... with a poison arrow
             ... on level 2 of the Spider Nest.
             The game lasted 01:15:50 (37104 turns).

MisterFreud the Thaumaturge (Gnoll Venom Mage)     Turns: 37104, Time: 01:15:52

Health: -3/124     AC: 24    Str: 13    XL:     16   Next: 51%
Magic:  24/31      EV: 20    Int: 22    God:    Ashenzari [******]
Gold:   1500       SH: 13    Dex: 16    Spells: 8/38 levels left

rFire    . . .     SeeInvis +   M - +6 trident (vorpal) (curse)
rCold    . . .     Gourm    .   X - +0 kite shield (curse)
rNeg     . . .     Faith    .   m - +2 robe {MR+}
rPois    .         Spirit   .   T - +2 helmet
rElec    .         Reflect  .   D - +0 cloak (curse)
rCorr    .         Harm     .   W - +2 pair of gloves {archery}
MR       ++...     Clarity  +   V - +2 pair of boots
Stlth    +++++.....             (no amulet)
HPRegen  0.30/turn              f - +4 ring of protection
MPRegen  0.22/turn              w - +4 ring of protection

@: lethally poisoned (-3 -> -40)
A: distributed training, fangs 1, strong nose
a: Curse Item, Scrying, Renounce Religion


You were on level 2 of the Spider Nest.
You worshipped Ashenzari.
Ashenzari was exalted by your worship.
You were not hungry.

You visited 5 branches of the dungeon, and saw 26 of its levels.

You collected 2784 gold pieces.
You spent 1284 gold pieces at shops.

Inventory:

Hand Weapons
 a - a +2 long sword of electrocution
 g - a +3 demon trident of draining
 M - a cursed +6 vorpal trident (weapon)
Armour
 m - a +2 robe of magic resistance (worn)
 r - a +2 robe of positive energy
 x - +2 ice dragon scales
 D - a cursed +0 cloak (worn)
 T - a +2 helmet (worn)
 V - a +2 pair of boots (worn)
 W - a +2 pair of gloves of archery (worn)
 X - a cursed +0 kite shield (worn)
Jewellery
 f - a +4 ring of protection (left hand)
 k - a +6 ring of dexterity
 u - an uncursed ring of protection from magic
 v - an uncursed ring of ice
 w - a +4 ring of protection (right hand)
 y - a +4 ring of evasion
 Y - an uncursed ring of positive energy
Wands
 i - a wand of polymorph (17)
 n - a wand of iceblast (12)
 s - a wand of clouds (9)
 t - a wand of disintegration (5)
 B - a wand of digging (14)
 K - a wand of paralysis (12)
Scrolls
 d - 3 scrolls of enchant armour
 e - 3 scrolls of holy word
 j - 6 scrolls of amnesia
 l - 3 scrolls of fog
 o - 2 scrolls of fear
 C - 2 scrolls of enchant weapon
 F - 11 scrolls of identify
 N - 7 scrolls of remove curse
 O - 6 scrolls of teleportation
 P - 2 scrolls of blinking
Potions
 b - a potion of mutation
 h - 2 potions of resistance
 p - 2 potions of brilliance
 q - 6 potions of might
 z - 3 potions of magic
 A - 10 potions of curing
 E - 3 potions of lignification
 G - a potion of heal wounds
 H - 7 potions of flight
 L - a potion of haste
 Q - 2 potions of cancellation
 R - 3 potions of stabbing
Miscellaneous
 J - a lightning rod (4/4)
Comestibles
 c - 45 rations
 I - 2 chunks of flesh


   Skills:
 + Level 10.7 Fighting
 + Level 10.7 Short Blades
 + Level 10.7 Long Blades
 + Level 10.7 Axes
 + Level 10.7 Maces & Flails
 + Level 10.7(14.9) Polearms
 + Level 10.7 Staves
 + Level 10.7 Slings
 + Level 10.7 Bows
 + Level 10.7 Crossbows
 + Level 10.7 Throwing
 + Level 10.7 Armour
 + Level 11.5 Dodging
 + Level 11.4 Stealth
 + Level 10.7(13.4) Shields
 + Level 10.7 Unarmed Combat
 + Level 11.7 Spellcasting
 + Level 9.1 Conjurations
 + Level 9.1 Hexes
 + Level 9.1 Charms
 + Level 9.1 Summonings
 + Level 9.1 Necromancy
 + Level 9.1 Translocations
 + Level 9.3 Transmutations
 + Level 9.1 Fire Magic
 + Level 9.1 Ice Magic
 + Level 9.1 Air Magic
 + Level 9.1 Earth Magic
 + Level 10.5 Poison Magic
 + Level 11.5 Invocations
 + Level 10.7 Evocations


You had 8 spell levels left.
You knew the following spells:

 Your Spells              Type           Power        Failure   Level  Hunger
a - Sting                 Tmut/Pois      ####         1%          1    None
b - Mephitic Cloud        Conj/Pois/Air  ######..     1%          3    None
c - Frozen Ramparts       Ice            ######       1%          3    None
d - Ozocubu's Armour      Chrm/Ice       ######..     1%          3    None
e - Summon Lightning Spi  Summ/Air       ######..     1%          4    None
f - Borgnjor's Vile Clut  Necr/Erth      ######....   4%          5    ####...
g - Statue Form           Tmut/Erth      ######...    22%         6    #####..
h - Irradiate             Conj/Tmut      ######....   3%          5    ####...

Your spell library contained the following spells:

 Spells                   Type           Power        Failure   Level  Hunger
 Freeze                   Ice            ####         1%          1    None
 Summon Small Mammal      Summ           ####         1%          1    None
 Call Imp                 Summ           ######..     1%          2    None
 Poisonous Vapours        Pois/Air       ######       1%          2    None
 Call Canine Familiar     Summ           ######..     1%          3    None
 Confusing Touch          Hex            ######..     1%          3    None
 Conjure Flame            Conj/Fire      ######..     1%          3    None
 Gell's Gravitas          Tloc           ######....   1%          3    None
 Ignite Poison            Fire/Tmut/Pois ######..     1%          3    None
 Recall                   Summ/Tloc      N/A          1%          3    None
 Summon Guardian Golem    Hex/Summ       ######..     1%          3    None
 Animate Dead             Necr           N/A          1%          4    None
 Hailstorm                Conj/Ice       ######..     1%          4    None
 Ice Form                 Ice/Tmut       ######..     1%          4    None
 Olgreb's Toxic Radiance  Pois           ######..     1%          4    None
 Petrify                  Tmut/Erth      ######..     1%          4    None
 Summon Ice Beast         Ice/Summ       ######..     1%          4    None
 Yara's Violent Unravell  Hex/Tmut       ######....   3%          5    ####...
 Metabolic Englaciation   Hex/Ice        ######....   4%          5    ####...
 Hydra Form               Tmut           ######....   21%         6    #####..
 Death Channel            Necr           ######....   22%         6    #####..
 Freezing Cloud           Conj/Ice/Air   ######....   22%         6    #####..
 Ozocubu's Refrigeration  Ice            ######....   22%         6    #####..
 Simulacrum               Ice/Necr       ######....   22%         6    #####..
 Dragon Form              Tmut           ######....   73%         7    #######
 Ring of Flames           Chrm/Fire      ######....   77%         7    #######


Dungeon Overview and Level Annotations

Branches:
Dungeon (15/15)            Temple (1/1) D:6            Lair (6/6) D:11
  Swamp (0/4) Lair:3       Spider (2/4) Lair:3        Slime (0/5) Lair:5
    Orc (2/2) D:12            Elf (0/3) Orc:2        Vaults (0/5) D:14
 Depths (0/5) D:15

Altars:
Ashenzari
Cheibriados
Dithmenos
Elyvilon
Fedhas
Gozag
Hepliaklqana
Kikubaaqudgha
Makhleb
Nemelex Xobeh
Okawaru
Qazlal
Ru
Sif Muna
Trog
Uskayaw
Vehumet
Wu Jian
Xom
Yredelemnul
Zin
The Shining One
Beogh
Jiyva

Shops:
D:10 [   D:14 [   Orc:1 :   Orc:2 :*([=

Annotations:
Lair:3 exclusion: oklob plant
Lair:5 1 runed translucent door, Seod's ghost, journeyman FoAK
Spider:1 exclusion: 2 ice statues
Spider:2 Aizul


Innate Abilities, Weirdness & Mutations

Your experience applies equally to all skills.
You have very sharp teeth.
Your uncanny sense of smell can sniff out nearby items.


Message History

You block the redback's attack. Aizul hits you!!
You puncture Aizul!
Aizul is heavily wounded.
The zombie hands constrict Aizul.
You feel sick. You block the redback's attack.
Your lightning spire shoots out a bolt of lightning at Aizul!
The bolt of electricity hits Aizul!
You strike the helpless Aizul from behind!
You hit Aizul but do no damage.
Aizul is severely wounded.
The zombie hands constrict Aizul!
You feel sick. Aizul hits you but does no damage.
The redback completely misses you.
Unknown command.
You puncture Aizul! You bite Aizul.
Aizul is almost dead.
The zombie hands constrict Aizul.
You feel sick. Aizul casts a spell at you. The poison arrow hits you!!!
You are more poisoned.
You die...

*,, , , , ,, , ,,,,,,
,,, ,, ,,
................., ,,
, ,
,,.................. *
,,,.......s..........,
, ,,,
,,...s..............,,
* , , ,,
,..........^.......,**
,
,.....s.^..........,**
* ** ,
......s..........., ,
, , ......s@S........#
** ,,
,,......^.8<.......# *
**, ,,,,, ,
...............!.#*,,,
, ,
,,................^# ,
* , ,,,
,.................#* ,
* , ,,,
^........^.......# , *
* ,
,................[# ,
**,
..^.^..^.........#*, ,
** *################ *
*


You could see Aizul (clutched), a jumping spider, 2 tarantellas, 2 redbacks and
a friendly lightning spire (summoned).

Vanquished Creatures
  2 stone giants (Orc:1)
  An entropy weaver (Spider:1)
  Nessos (D:13)
  An ettin (Orc:2)
  A fire dragon (Lair:5)
  6 hydras
  Harold (D:8)
  An ice dragon (Lair:6)
  3 vault guards (D:14)
  2 rakshasas (D:15)
  11 two-headed ogres
  2 death knights
  3 centaur warriors
  An ogre mage (D:14)
  Urug (D:13)
  An orc high priest (Orc:2)
  Nergalle (Lair:2)
  A deep elf knight (D:14)
  Sonja (Lair:1)
  A glowing orange brain (D:15)
  A phantasmal warrior (D:15)
  3 orc knights
  Pikel (D:8)
  A lindwurm (Lair:6)
  2 deep elf magi
  6 orb spiders (Spider:1)
  4 wolf spiders (Spider:1)
  15 ugly things
  2 cyclopes
  5 orc sorcerers
  2 manticores (D:15)
  A black mamba (Lair:3)
  6 elephants
  Maurice (D:9)
  Psyche (D:8)
  6 torpor snails
  2 centaur skeletons
  Joseph (D:9)
  3 gargoyles (D:14)
  4 spiny frogs
  4 kobold demonologists (D:14)
  A yaktaur (D:14)
  6 demonic crawlers (Spider:1)
  5 komodo dragons
  3 freezing wraiths
  4 trolls
  A polar bear (shapeshifter) (D:15)
  A tengu conjurer (D:14)
  6 polar bears (Lair:6)
  10 jumping spiders (Spider:1)
  A merfolk (shapeshifter) (D:15)
  3 tyrant leeches (Lair:6)
  Prince Ribbit (D:7)
  20 slime creatures
  7 hornets
  2 bog bodies (Lair:3)
  2 raiju (Lair:6)
  11 blink frogs
  12 hippogriffs
  14 tarantellas (Spider:1)
  16 redbacks
  2 wyverns
  4 wraiths
  21 yaks
  A human (D:10)
  5 basilisks
  5 hogs
  2 hungry ghosts
  7 wargs
  6 vampire mosquitoes (D:15)
  3 acid dragons
  9 hell hounds (Lair:6)
  6 water moccasins
  Duvessa (D:4)
  2 hornet zombies (D:15)
  10 porcupines
  9 black bears
  30 orc warriors
  2 phantoms
  5 sky beasts
  3 ice beasts
  14 ogres
  13 wolves (Lair:6)
  An eye of draining (D:11)
  2 necrophages
  14 crocodiles
  6 centaurs
  5 big kobolds
  16 bullfrogs
  A gnoll sergeant (D:9)
  Dowan (D:4)
  3 scorpions
  8 killer bees
  An electric eel (Lair:5)
  3 howler monkeys
  10 wights
  3 crimson imps
  2 jellies
  A quasit (D:5)
  3 hounds
  Crazy Yiuf (D:7)
  A bullfrog skeleton (D:12)
  2 gnoll shamans
  14 orc priests
  An iguana (D:13)
  24 orc wizards
  Jessica (D:2)
  4 worker ants
  A hound zombie (D:8)
  2 hound skeletons
  2 worker ant zombies
  A howler monkey zombie (D:7)
  18 gnolls
  10 adders
  2 river rats (D:14)
  7 shadow imps
  An ooze (D:3)
  2 adder zombies
  2 adder skeletons
  3 worms
  2 dart slugs (D:1)
  5 leopard geckos
  73 orcs
  A ball python (D:3)
  8 bats
  8 giant cockroaches
  9 goblins
  9 hobgoblins
  9 jackals
  2 quokkas
  7 frilled lizards
  15 kobolds
  2 leopard gecko zombies (D:7)
  A quokka zombie (D:6)
  6 rats
  A bush (D:15)
736 creatures vanquished.

Vanquished Creatures (collateral kills)
  Kirke (D:13)
  2 orc warlords (Orc:2)
  An entropy weaver (Spider:1)
  A hydra (Lair:6)
  A vault guard (D:14)
  An alligator (Lair:6)
  A lindwurm (Lair:6)
  An orc knight (Orc:2)
  4 wolf spiders (Spider:1)
  A freezing wraith (D:15)
  4 demonic crawlers (Spider:1)
  A jumping spider (Spider:1)
  3 polar bears (Lair:6)
  2 redbacks (Spider:1)
  A vampire (D:14)
  2 tarantellas (Spider:1)
  2 wargs
  4 hell hounds (Lair:6)
  3 black bears (Lair:6)
  10 orc warriors
  3 wolves (Lair:6)
  2 orc priests (Orc:2)
  3 orc wizards (Orc:2)
  17 orcs
71 creatures vanquished.

Vanquished Creatures (others)
  11 bushes
  9 fungi
  40 plants
  2 withered plants (Lair:5)
62 creatures vanquished.

Grand Total: 869 creatures vanquished

Notes
Turn   | Place    | Note
-------+----------+-------------------------------------------
     0 | D:1      | MisterFreud the Gnoll Venom Mage began the quest for the
                  | Orb.
     0 | D:1      | Reached XP level 1. HP: 13/13 MP: 6/6
   154 | D:1      | Reached XP level 2. HP: 19/19 MP: 5/7
   635 | D:1      | Reached XP level 3. HP: 25/25 MP: 5/9
   708 | D:1      | Reached skill level 5 in Spellcasting
   998 | D:1      | Reached skill level 1 in Invocations
  1364 | D:2      | Reached skill level 1 in Fighting
  1364 | D:2      | Reached skill level 1 in Short Blades
  1364 | D:2      | Reached skill level 1 in Long Blades
  1364 | D:2      | Reached skill level 1 in Axes
  1364 | D:2      | Reached skill level 1 in Maces & Flails
  1364 | D:2      | Reached skill level 1 in Polearms
  1364 | D:2      | Reached skill level 1 in Staves
  1364 | D:2      | Reached skill level 1 in Slings
  1364 | D:2      | Reached skill level 1 in Bows
  1364 | D:2      | Reached skill level 1 in Crossbows
  1364 | D:2      | Reached skill level 1 in Throwing
  1364 | D:2      | Reached skill level 1 in Armour
  1364 | D:2      | Reached skill level 1 in Shields
  1364 | D:2      | Reached skill level 1 in Unarmed Combat
  1364 | D:2      | Reached skill level 1 in Evocations
  1364 | D:2      | Reached XP level 4. HP: 28/32 MP: 3/11
  1451 | D:2      | Noticed an ice beast
  1463 | D:1      | Learned a level 3 spell: Mephitic Cloud
  1676 | D:2      | Killed an ice beast
  1676 | D:2      | Reached skill level 1 in Conjurations
  1676 | D:2      | Reached skill level 1 in Hexes
  1676 | D:2      | Reached skill level 1 in Charms
  1676 | D:2      | Reached skill level 1 in Summonings
  1676 | D:2      | Reached skill level 1 in Necromancy
  1676 | D:2      | Reached skill level 1 in Translocations
  1676 | D:2      | Reached skill level 1 in Fire Magic
  1676 | D:2      | Reached skill level 1 in Ice Magic
  1676 | D:2      | Reached skill level 1 in Air Magic
  1676 | D:2      | Reached skill level 1 in Earth Magic
  1676 | D:2      | Reached XP level 5. HP: 37/37 MP: 6/12
  1848 | D:2      | Noticed Jessica
  1855 | D:2      | Killed Jessica
  2221 | D:3      | Reached XP level 6. HP: 30/44 MP: 7/13
  2907 | D:3      | Reached skill level 5 in Dodging
  3536 | D:4      | Reached XP level 7. HP: 50/50 MP: 12/15
  3818 | D:4      | Noticed Duvessa
  3818 | D:4      | Noticed Dowan
  3828 | D:4      | Killed Duvessa
  3838 | D:4      | Killed Dowan
  4023 | D:5      | Entered Level 5 of the Dungeon
  4023 | D:5      | Found an iron altar of Okawaru.
  4151 | D:5      | Reached skill level 5 in Stealth
  4242 | D:5      | Reached XP level 8. HP: 57/57 MP: 16/16
  4552 | D:5      | You fall into a shaft and drop 2 floors!
  4586 | D:7      | Found a runed translucent door.
  4587 | D:7      | Noticed Crazy Yiuf
  4651 | D:7      | Paralysed by Crazy Yiuf for 6 turns
  4660 | D:7      | Killed Crazy Yiuf
  5081 | D:6      | Found a staircase to the Ecumenical Temple.
  5286 | Temple   | Entered the Ecumenical Temple
  5405 | Temple   | Became a worshipper of Ashenzari the Shackled
  6031 | D:6      | Reached XP level 9. HP: 65/65 MP: 15/18
  6846 | D:7      | Found a sacrificial altar of Ru.
  6979 | D:7      | Noticed Prince Ribbit
  7018 | D:7      | Killed Prince Ribbit
  7193 | D:8      | Noticed Psyche
  7205 | D:8      | Killed Psyche
  7205 | D:8      | Reached skill level 5 in Invocations
  7387 | D:8      | Reached XP level 10. HP: 55/72 MP: 16/20
  7537 | D:8      | Noticed Harold
  7579 | D:8      | Killed Harold
  7579 | D:8      | Reached skill level 5 in Fighting
  7579 | D:8      | Reached skill level 5 in Short Blades
  7579 | D:8      | Reached skill level 5 in Long Blades
  7579 | D:8      | Reached skill level 5 in Axes
  7579 | D:8      | Reached skill level 5 in Maces & Flails
  7579 | D:8      | Reached skill level 5 in Polearms
  7579 | D:8      | Reached skill level 5 in Staves
  7579 | D:8      | Reached skill level 5 in Slings
  7579 | D:8      | Reached skill level 5 in Bows
  7579 | D:8      | Reached skill level 5 in Crossbows
  7579 | D:8      | Reached skill level 5 in Throwing
  7579 | D:8      | Reached skill level 5 in Armour
  7579 | D:8      | Reached skill level 5 in Shields
  7579 | D:8      | Reached skill level 5 in Unarmed Combat
  7579 | D:8      | Reached skill level 5 in Evocations
  7824 | D:8      | Noticed Pikel
  7860 | D:8      | Killed Pikel
  8321 | D:9      | Reached * piety under Ashenzari
  8328 | D:9      | Noticed Maurice
  8341 | D:9      | Killed Maurice
  8351 | D:9      | Noticed a two-headed ogre
  8647 | D:9      | Learned a level 3 spell: Frozen Ramparts
  8651 | D:9      | Learned a level 3 spell: Ozocubu's Armour
  8656 | D:9      | Noticed Joseph
  8667 | D:9      | Killed Joseph
  8667 | D:9      | Reached skill level 5 in Transmutations
  8998 | D:9      | Killed a two-headed ogre
  9022 | D:9      | Reached XP level 11. HP: 41/80 MP: 22/22
  9298 | D:9      | Noticed a green ugly thing
  9312 | D:9      | Killed a green ugly thing
 10317 | D:10     | Entered Level 10 of the Dungeon
 10413 | D:10     | Found a blossoming altar of Fedhas.
 10467 | D:10     | Noticed a two-headed ogre
 10481 | D:10     | Killed a two-headed ogre
 10481 | D:10     | Reached skill level 5 in Conjurations
 10481 | D:10     | Reached skill level 5 in Hexes
 10481 | D:10     | Reached skill level 5 in Charms
 10481 | D:10     | Reached skill level 5 in Summonings
 10481 | D:10     | Reached skill level 5 in Necromancy
 10481 | D:10     | Reached skill level 5 in Translocations
 10481 | D:10     | Reached skill level 5 in Fire Magic
 10481 | D:10     | Reached skill level 5 in Ice Magic
 10481 | D:10     | Reached skill level 5 in Air Magic
 10481 | D:10     | Reached skill level 5 in Earth Magic
 11286 | D:10     | Found Ticaakef's Antique Armour Shoppe.
 11292 | D:10     | Bought a pair of embroidered boots for 165 gold pieces
 11292 | D:10     | Bought a pair of embroidered gloves for 165 gold pieces
 11302 | D:10     | Bought a kite shield for 99 gold pieces
 11589 | D:11     | Noticed a two-headed ogre
 11604 | D:11     | Killed a two-headed ogre
 11862 | D:11     | Found a staircase to the Lair.
 12097 | D:11     | Reached ** piety under Ashenzari
 12798 | D:12     | Reached XP level 12. HP: 79/88 MP: 20/24
 13027 | D:12     | Found a roughly hewn altar of Beogh.
 13027 | D:12     | Found a staircase to the Orcish Mines.
 13067 | D:13     | Noticed a centaur warrior
 13081 | D:13     | Killed a centaur warrior
 13473 | D:13     | Noticed a two-headed ogre
 13484 | D:13     | Killed a two-headed ogre
 13529 | D:13     | Noticed a two-headed ogre
 13542 | D:13     | Killed a two-headed ogre
 13575 | D:13     | Noticed Nessos
 13576 | D:13     | Noticed a centaur warrior
 13601 | D:13     | Killed a centaur warrior
 13606 | D:13     | Killed Nessos
 14028 | D:13     | Noticed an eight-headed hydra
 14034 | D:13     | Noticed Urug
 14036 | D:13     | Killed an eight-headed hydra
 14052 | D:13     | Killed Urug
 14225 | D:13     | Noticed Kirke
 14319 | Lair:1   | Entered Level 1 of the Lair of Beasts
 14804 | Lair:1   | Noticed Sonja
 14812 | Lair:1   | Killed Sonja
 14812 | Lair:1   | Reached XP level 13. HP: 98/98 MP: 26/26
 15295 | Lair:2   | Reached *** piety under Ashenzari
 15693 | Lair:2   | Noticed Nergalle
 15708 | Lair:2   | Killed Nergalle
 16059 | Lair:3   | Found a staircase to the Swamp.
 16532 | Lair:3   | Found a hole to the Spider Nest.
 17449 | Lair:3   | Reached **** piety under Ashenzari
 19320 | Lair:5   | Found a stormy altar of Qazlal.
 19341 | Lair:5   | Found a staircase to the Slime Pits.
 19341 | Lair:5   | Found a viscous altar of Jiyva.
 19425 | Lair:5   | Found a runed translucent door.
 19426 | Lair:5   | Noticed Seod's ghost (journeyman FoAK)
 19676 | Lair:5   | Reached ***** piety under Ashenzari
 19856 | Lair:5   | Noticed a fire dragon
 19894 | Lair:5   | Killed a fire dragon
 19910 | Lair:5   | Identified a scroll of acquirement
 19918 | Lair:5   | Learned a level 4 spell: Summon Lightning Spire
 19924 | Lair:5   | Learned a level 5 spell: Borgnjor's Vile Clutch
 20377 | Lair:6   | Entered Level 6 of the Lair of Beasts
 20497 | Lair:6   | Reached skill level 10 in Spellcasting
 21089 | Lair:6   | Reached XP level 14. HP: 92/106 MP: 28/28
 21950 | Lair:6   | Reached skill level 10 in Dodging
 23119 | Lair:6   | Reached skill level 10 in Stealth
 23505 | Lair:6   | Found a runed translucent door.
 24121 | D:13     | Killed Kirke
 24121 | D:13     | Reached skill level 10 in Invocations
 25494 | D:14     | Reached XP level 15. HP: 97/114 MP: 29/29
 26004 | D:14     | Found a gate to the Vaults.
 27114 | D:14     | Found Iropri's Antique Armour Boutique.
 27261 | D:15     | Entered Level 15 of the Dungeon
 28353 | D:15     | Reached skill level 10 in Poison Magic
 28707 | D:15     | HP: 2/115 [freezing wraith (illusionary)[a death knight]
                  | (8)]
 29165 | D:15     | Reached skill level 10 in Fighting
 29165 | D:15     | Reached skill level 10 in Short Blades
 29165 | D:15     | Reached skill level 10 in Long Blades
 29165 | D:15     | Reached skill level 10 in Axes
 29165 | D:15     | Reached skill level 10 in Maces & Flails
 29165 | D:15     | Reached skill level 10 in Polearms
 29165 | D:15     | Reached skill level 10 in Staves
 29165 | D:15     | Reached skill level 10 in Slings
 29165 | D:15     | Reached skill level 10 in Bows
 29165 | D:15     | Reached skill level 10 in Crossbows
 29165 | D:15     | Reached skill level 10 in Throwing
 29165 | D:15     | Reached skill level 10 in Armour
 29165 | D:15     | Reached skill level 10 in Shields
 29165 | D:15     | Reached skill level 10 in Unarmed Combat
 29165 | D:15     | Reached skill level 10 in Evocations
 29244 | D:15     | Found a staircase to the Depths.
 30639 | Orc:1    | Entered Level 1 of the Orcish Mines
 31438 | Orc:2    | Entered Level 2 of the Orcish Mines
 31966 | Orc:2    | Noticed an orc warlord
 31992 | Orc:2    | Killed an orc warlord
 32412 | Orc:2    | Found a roughly hewn altar of Beogh.
 32506 | Orc:2    | Found Qiry's Antique Weapon Shoppe.
 32522 | Orc:2    | Found Killaul's Jewellery Shoppe.
 32572 | Orc:2    | Found Jadghug's Antique Armour Shoppe.
 32956 | Orc:2    | Found a staircase to the Elven Halls.
 33218 | Orc:2    | Found Numielef's Book Shoppe.
 33280 | Orc:2    | Noticed an orc warlord
 33309 | Orc:2    | Killed an orc warlord
 33309 | Orc:2    | Reached XP level 16. HP: 64/123 MP: 9/31
 34040 | Orc:2    | Found Vupul's General Store.
 34046 | Orc:2    | Bought a potion of heal wounds for 85 gold pieces
 34163 | Orc:1    | Found Xepaxu's Book Emporium.
 34211 | Orc:1    | Bought a book of Transfigurations for 770 gold pieces
 34218 | Orc:1    | Learned a level 6 spell: Statue Form
 34224 | Orc:1    | Learned a level 5 spell: Irradiate
 34598 | Spider:1 | Entered Level 1 of the Spider Nest
 36072 | Spider:1 | Reached ****** piety under Ashenzari
 37088 | Spider:2 | Noticed Aizul
 37104 | Spider:2 | Killed from afar by Aizul

Illustrated notes

Levels and vault maps discovered:
D:1:      dpeg_arrival_prison, layout_rooms
D:2:      layout_basic, uniq_jessica
D:3:      layout_loops_cross, kennysheep_generic_room_7
D:4:      layout_loops_ring, uniq_duvessa
D:5:      minmay_recursive_quarters, layout_cave_pools, first_ration,
          minmay_misc_feat_encased, okawaru_metal_pillars_1_2
D:6:      layout_rooms, minmay_temple_entry_drinking_statues
D:7:      layout_rooms, nicolae_ru_path_of_blood, kb_lookout_dungeons_type,
          uniq_prince_ribbit1, uniq_crazy_yiuf_cottage
D:8:      layout_basic, uniq_pikel, uniq_harold, uniq_psyche
D:9:      layout_basic, uniq_maurice, uniq_joseph
D:10:     layout_roguey, serial_shops, nicolae_shop_crystal, grunt_livestock,
          fedhas_altar_3
D:11:     layout_basic, lair_entry_dummy
D:12:     layout_roguey, david_orc_5, minmay_misc_feat_x
D:13:     layout_roguey, uniq_kirke, uniq_nessos, uniq_urug
D:14:     layout_small_grid, grunt_vaults_entry_fortified, serial_shops,
          kennysheep_mini_moat, pond
D:15:     gammafunk_enter_depths_forms, layout_irregular_city, serial_rivers,
          chequers_serial_rivers_room_a, chequers_serial_rivers_room_a,
          chequers_serial_rivers_small_b, chequers_serial_rivers_large_a,
          chequers_serial_rivers_marsh, chequers_serial_rivers_small_a,
          minmay_hedge_maze
Temple:   kilobyte_greek_temple
Lair:1:   layout_concentric_octagons, uniq_sonja
Lair:2:   layout_small_grid, uniq_nergalle
Lair:3:   layout_layer_cave, skrybe_swamp_entry_bodies, spider_nest_entry_webs,
          minmay_lair_oklob_chamber
Lair:4:   layout_hall_layers, grunt_megastairs_1
Lair:5:   dragon1_lemuel, layout_cellular_growth, slime_altar_1,
          gammafunk_ghost_grave, basic_altar
Lair:6:   hangedman_lair_caniforms_friends, layout_regular_city, wormcave,
          serial_forest, infiniplex_forest_clump_double,
          infiniplex_forest_lined_room_2, infiniplex_forest_lined_ring,
          infiniplex_forest_end_2, infiniplex_forest_zigzag_1,
          infiniplex_forest_straight_3, infiniplex_forest_end_double,
          infiniplex_forest_corner_1
Spider:1: layout_spider_delve, portal_ice_cave_entry_ice_statue_two,
          worms_lemuel, hangedman_spider_tarantella_strand
Spider:2: nicolae_spider_corner, uniq_jorgrun, uniq_aizul
Orc:1:    layout_caves, serial_shops, shop
Orc:2:    grunt_orc_cross, layout_caves, serial_shops, nicolae_shop_statue_plus,
          guppyfry_library_mini

Skill      XL: |  1  2  3  4  5  6  7  8  9 10 11 12 13 14 15 16 |
---------------+-------------------------------------------------+-----
Transmutations | 2 3 4 5 6 7 8 9 |  9.3
Spellcasting   | 5 6 7 8 9 10 11 | 11.7
Invocations    | 1 2 3 4 5 6 7 8 9 10 11 | 11.5
Fighting       | 1 2 3 4 5 6 7 8 9 10 | 10.7
Short Blades   | 1 2 3 4 5 6 7 8 9 10 | 10.7
Long Blades    | 1 2 3 4 5 6 7 8 9 10 | 10.7
Axes           | 1 2 3 4 5 6 7 8 9 10 | 10.7
Maces & Flails | 1 2 3 4 5 6 7 8 9 10 | 10.7
Polearms       | 1 2 3 4 5 6 7 8 9 10 | 10.7
Staves         | 1 2 3 4 5 6 7 8 9 10 | 10.7
Slings         | 1 2 3 4 5 6 7 8 9 10 | 10.7
Bows           | 1 2 3 4 5 6 7 8 9 10 | 10.7
Crossbows      | 1 2 3 4 5 6 7 8 9 10 | 10.7
Throwing       | 1 2 3 4 5 6 7 8 9 10 | 10.7
Armour         | 1 2 3 4 5 6 7 8 9 10 | 10.7
Shields        | 1 2 3 4 5 6 7 8 9 10 | 10.7
Unarmed Combat | 1 2 3 4 5 6 7 8 9 10 | 10.7
Evocations     | 1 2 3 4 5 6 7 8 9 10 | 10.7
Conjurations   | 1 2 3 4 5 6 7 8 9 |  9.1
Hexes          | 1 2 3 4 5 6 7 8 9 |  9.1
Charms         | 1 2 3 4 5 6 7 8 9 |  9.1
Summonings     | 1 2 3 4 5 6 7 8 9 |  9.1
Necromancy     | 1 2 3 4 5 6 7 8 9 |  9.1
Translocations | 1 2 3 4 5 6 7 8 9 |  9.1
Fire Magic     | 1 2 3 4 5 6 7 8 9 |  9.1
Ice Magic      | 1 2 3 4 5 6 7 8 9 |  9.1
Air Magic      | 1 2 3 4 5 6 7 8 9 |  9.1
Earth Magic    | 1 2 3 4 5 6 7 8 9 |  9.1
Dodging        | 5 6 7 8 9 10 11 | 11.5
Stealth        | 5 6 7 8 9 10 11 | 11.4
Poison Magic   | 6 7 8 9 10 | 10.5

Action                   |  1- 3 |  4- 6 |  7- 9 | 10-12 | 13-15 | 16-18 || total
-------------------------+-------+-------+-------+-------+-------+-------++-------
Melee: Dagger            |     8 |    48 |       |       |       |       ||    56
       Bite              |     1 |     5 |    31 |    63 |   219 |    50 ||   369
       Punch             |       |     1 |     4 |     5 |       |       ||    10
       Short sword       |       |    27 |    92 |       |       |       ||   119
       Trident           |       |       |   218 |   632 |  1906 |   443 ||  3199
       Quarterstaff      |       |       |    42 |       |       |       ||    42
       Unarmed           |       |       |       |       |     5 |       ||     5
 Cast: Sting             |    52 |    81 |    13 |     2 |       |       ||   148
       Mephitic Cloud    |       |       |     7 |    13 |     1 |       ||    21
       Frozen Ramparts   |       |       |       |    23 |    22 |     8 ||    53
       Ozocubu's Armour  |       |       |       |    15 |    70 |    11 ||    96
       Summon Lightning  |       |       |       |       |    45 |    20 ||    65
       Borgnjor's Vile C |       |       |       |       |    17 |     3 ||    20
Invok: Curse Item        |       |       |     1 |     1 |       |       ||     2
Evoke: Wand              |       |       |       |     2 |     8 |     2 ||    12
  Use: Scroll            |       |     5 |       |     9 |    22 |       ||    36
       Potion            |       |       |       |     1 |     3 |       ||     4
 Stab: Sleeping          |       |    12 |     4 |    16 |    25 |     6 ||    63
       Confused          |       |       |     4 |    29 |       |       ||    33
       Paralysed         |       |       |     2 |       |       |       ||     2
       Distracted        |       |       |     1 |     2 |    24 |     7 ||    34
  Eat: Chunk             |     1 |     7 |    16 |    17 |    46 |    10 ||    97
       Ration            |       |       |       |     2 |     5 |     1 ||     8
Armor: Robe              |     2 |    16 |    73 |   136 |   356 |   172 ||   755
Dodge: Dodged            |    22 |    78 |   302 |   310 |   838 |   327 ||  1877
Block: Kite shield       |       |       |       |   124 |   777 |   300 ||  1201

Table legend:
 A = Non-vault XP
 B = Vault XP
 C = Vault XP percentage of total XP
 D = Non-vault monster count
 E = Vault monster count
 F = Vault count percentage of total count
                 A         B        C        D         E       F
            +---------+---------+-------+---------+---------+-------
      Total |  103734 |   51933 |  33.4 |     589 |     217 |  26.9
            +---------+---------+-------+---------+---------+-------
        D:1 |      63 |       5 |   7.4 |      27 |       3 |  10.0
        D:2 |     190 |      37 |  16.3 |      23 |       1 |   4.2
        D:3 |     191 |       4 |   2.1 |      27 |       3 |  10.0
        D:4 |     258 |     225 |  46.6 |      12 |       2 |  14.3
        D:5 |     237 |     302 |  56.0 |       7 |       7 |  50.0
        D:6 |     818 |       0 |   0.0 |      22 |       0 |   0.0
        D:7 |    1285 |     425 |  24.9 |      28 |       3 |   9.7
        D:8 |     604 |    2077 |  77.5 |      10 |       3 |  23.1
        D:9 |    3259 |     864 |  21.0 |      35 |       2 |   5.4
       D:10 |    2688 |     987 |  26.9 |      26 |       5 |  16.1
       D:11 |    1364 |       0 |   0.0 |       6 |       0 |   0.0
       D:12 |    4848 |     458 |   8.6 |      32 |      22 |  40.7
       D:13 |    6772 |    4383 |  39.3 |      18 |       4 |  18.2
       D:14 |   18261 |    6414 |  26.0 |      51 |      14 |  21.5
       D:15 |   12082 |    5379 |  30.8 |      35 |      10 |  22.2
     Lair:1 |    3265 |     788 |  19.4 |      17 |       1 |   5.6
     Lair:2 |    3169 |     808 |  20.3 |      14 |       1 |   6.7
     Lair:3 |    6185 |    1194 |  16.2 |      18 |       5 |  21.7
     Lair:4 |    1680 |    1591 |  48.6 |       4 |       4 |  50.0
     Lair:5 |    3647 |    1076 |  22.8 |      21 |       1 |   4.5
     Lair:6 |    3671 |   14858 |  80.2 |      15 |      72 |  82.8
   Spider:1 |   20066 |    2791 |  12.2 |      61 |       9 |  12.9
      Orc:1 |    3839 |       0 |   0.0 |      36 |       0 |   0.0
      Orc:2 |    5292 |    7267 |  57.9 |      44 |      45 |  50.6
            +---------+---------+-------+---------+---------+-------
